 Dungeon Crawl Stone Soup version 0.30.1-11-g7821555f0a (webtiles) character file.

Game seed: 5367968170588438031

932 porpoise the Digger (level 8, -3/37 HPs)
             Began as a Gargoyle Earth Elementalist on Dec 14, 2023.
             Was a Follower of Sif Muna.
             Slain by a wight
             ... wielding a +0 dire flail
              (14 damage)
             ... on level 6 of the Dungeon.
             The game lasted 00:20:53 (5024 turns).

porpoise the Digger (Gargoyle Earth Elementalist)   Turns: 5024, Time: 00:20:54

Health: -3/37      AC:  8    Str: 17    XL:     8   Next: 11%
Magic:  8/14       EV: 11    Int: 16    God:    Sif Muna [*.....]
Gold:   205        SH:  0    Dex: 10    Spells: 11/15 levels left

rFire   . . .        l - +1 mace (holy)
rCold   . . .        (no shield)
rNeg    + . .        i - +0 robe of Zimepeuf {Rampage rPois Will++ Dex-5}
rPois   ∞            v - +0 helmet
rElec   +            (no cloak)
rCorr   .            (no gloves)
SInv    .            (no boots)
Will    ++...        (no amulet)
Stlth   +++          F - +6 ring of dexterity
HPRegen 0.26/turn    (no ring)
MPRegen 0.14/turn

%: rampage
@: very slightly contaminated, unable to read
A: sickness immunity, AC +5, negative energy resistance 1, electricity
resistance, torment resistance 1, petrification resistance, frail 1, strong 1,
inability to read after injury 1, MP-powered wands
a: Renounce Religion, Channel Magic


You were on level 6 of the Dungeon.
You worshipped Sif Muna.
Sif Muna was aware of your devotion.
You visited 1 branch of the dungeon, and saw 6 of its levels.

You collected 205 gold pieces.

Inventory:

Hand Weapons
 a - a +4 dagger of venom
 b - a +0 sling
 l - a +1 mace of holy wrath (weapon)
 o - a +1 mace of draining
 q - the +8 whip "Gedew" {protect, rCorr}
   (You found it on level 3 of the Dungeon)

   rCorr:     It protects you from acid and corrosion.
Missiles
 h - 4 boomerangs (quivered)
 u - a silver boomerang
 A - 10 poisoned darts
Armour
 c - the +2 helmet of Haejolo {-Tele rF+++ rC- Will+}
   (You took it off Robin on level 2 of the Dungeon)

   rF:        It renders you almost immune to fire.
   rC:        It makes you vulnerable to cold.
   -Tele:     It prevents most forms of teleportation.
   Will:      It increases your willpower.
 i - the +0 robe of Zimepeuf (worn) {Rampage rPois Will++ Dex-5}
   (You found it on level 2 of the Dungeon)

   Dex:       It affects your dexterity (-5).
   rPois:     It protects you from poison.
   Rampage:   It bestows one free step when moving towards enemies.
   Will:      It greatly increases your willpower.
 n - a +0 buckler
 v - a +0 helmet (worn)
Jewellery
 B - a ring of ice
 F - a +6 ring of dexterity (left hand)
Wands
 x - a wand of quicksilver (10)
 y - a wand of paralysis (5)
 D - a wand of flame (12)
Scrolls
 d - a scroll of magic mapping
 e - 2 scrolls of teleportation
 f - a scroll of poison
 p - 2 scrolls of enchant weapon
 s - a scroll of blinking
 w - a scroll of amnesia
Potions
 j - 2 potions of curing
 k - a potion of magic
 m - a potion of heal wounds
 r - a potion of flight
 t - a potion of ambrosia
 z - a potion of attraction
 C - 2 potions of haste {unknown}
 E - a potion of might


   Skills:
 + Level 0.7 Fighting
 - Level 1.5 Dodging
 - Level 5.0 Stealth
 + Level 4.0 Spellcasting
 - Level 5.0 Conjurations
 - Level 0.7 Transmutations
 - Level 7.0 Earth Magic
 + Level 1.5 Invocations


You had 11 spell levels left.
You knew the following spells:

 Your Spells              Type           Power      Damage    Failure   Level
a - Sandblast             Erth           50%        2d12      1%          1
b - Stone Arrow           Conj/Erth      44%        3d9       4%          3

Your spell library contained the following spells:

 Spells                   Type           Power      Damage    Failure   Level
 Passwall                 Tmut/Erth      12%        N/A       5%          2
 Shock                    Conj/Air       44%        1d5       6%          1
 Blink                    Tloc           6%         N/A       26%         2
 Petrify                  Tmut/Erth      15%        N/A       34%         4
 Animate Armour           Summ/Erth      28%        N/A       36%         4
 Swiftness                Air            3%         N/A       45%         3
 Airstrike                Air            1%         2d(1-17)  86%         4
 Manifold Assault         Tloc           3%         N/A       86%         4
 Storm Form               Tmut/Air       2%         N/A       100%        7
 Lehudib's Crystal Spear  Conj/Erth      11%        10d4      100%        8


Dungeon Overview and Level Annotations

Branches:
Dungeon (6/15)
 Temple: D:4-7

Altars:
Hepliaklqana
Sif Muna

Shops:
D:4 (


Innate Abilities, Weirdness & Mutations

You are immune to sickness and miasma.
Your stone body is resilient. (AC +5)
You are immune to poison.
You resist negative energy. (rN+)
You are resistant to electric shocks. (rElec)
You are resistant to unholy torment.
You are immune to petrification.
You are frail. (-10% HP)
Your muscles are strong. (Str +4, Int/Dex -1)
You occasionally lose the ability to read scrolls when taking damage.
You expend magic power (3 MP) to strengthen your wands.


Message History

The wight is almost destroyed.
The orc wizard gestures wildly while chanting.
The orc wizard flickers and vanishes!
The wight misses you.
The wight hits you with a +3 short sword.
Casting: Sandblast (safe; 1% risk of failure)
Confirm with . or Enter, or press ? or * to list all spells.
Aiming: Sandblast (safe; 1% risk of failure)
Press: ? - help, Shift-Dir - straight line The blast of sand hits the wight but does no damage.
The wight is almost destroyed.
The wight closely misses you.
Unknown command.
Casting: Sandblast (safe; 1% risk of failure)
Confirm with . or Enter, or press ? or * to list all spells.
Aiming: Sandblast (safe; 1% risk of failure)
Press: ? - help, Shift-Dir - straight line You miscast Sandblast.
You are very lightly contaminated with residual magic.
Nothing appears to happen.
A wight comes into view. It is wielding a +4 great sword.
The wight hits you with a +3 short sword.
* * * LOW HITPOINT WARNING * * *
Casting: Sandblast (safe; 1% risk of failure)
Confirm with . or Enter, or press ? or * to list all spells.
Aiming: Sandblast (safe; 1% risk of failure)
Press: ? - help, Shift-Dir - straight line The blast of sand hits the wight!
You destroy the wight!
Sif Muna accepts your kill. The wight closely misses you.
A wight comes into view. It is wielding a +5 dagger.
Your Spellcasting skill increases to level 4!
Casting: Sandblast (safe; 1% risk of failure)
Confirm with . or Enter, or press ? or * to list all spells.
Aiming: Sandblast (safe; 1% risk of failure)
Press: ? - help, Shift-Dir - straight line The blast of sand hits the wight but does no damage.
The wight hits you with a +0 dire flail!
You feel threatened and lose the ability to read scrolls!
You die...

.. .. .z ##z
#.. # #.{
#.###.#z##
....###@#
#..#.## #.#.##
#.#.##
##§.§§##
#§..§§.....
#####.§§§#####
#§§§..§§§..
#§#####.#..


You could see 3 wights.

Vanquished Creatures
  A water moccasin (D:5)
  An ice beast (D:5)
  Blork the orc (D:4)
  A scorpion (D:5)
  A wight (D:6)
  A howler monkey (D:5)
  A hound (D:5)
  Jessica (D:2)
  6 iguanas
  3 orc wizards
  A sleepcap (D:5)
  Robin (D:2)
  A gnoll (D:5)
  8 adders
  A white imp (D:5)
  An ufetubus (D:5)
  2 worms
  A dart slug (D:2)
  12 orcs
  3 bats
  10 endoplasms
  3 giant cockroaches
  10 goblins (D:2)
  6 hobgoblins
  4 jackals
  A quokka (D:1)
  7 ball pythons
  4 frilled lizards
  8 kobolds
  4 rats
105 creatures vanquished.

Notes
Turn   | Place    | Note
-------+----------+-------------------------------------------
     0 | D:1      | porpoise the Gargoyle Earth Elementalist began the quest
                  | for the Orb.
     0 | D:1      | Reached XP level 1. HP: 10/10 MP: 3/3
   406 | D:1      | Reached XP level 2. HP: 15/15 MP: 3/5
   514 | D:1      | Reached skill level 4 in Earth Magic
  1056 | D:2      | Reached XP level 3. HP: 15/19 MP: 4/6
  1362 | D:2      | Reached XP level 4. HP: 23/24 MP: 6/8
  1375 | D:2      | Identified the +2 helmet of Haejolo {-Tele rF+++ rC- Will+}
  1375 | D:2      | Noticed Robin
  1379 | D:2      | Killed Robin
  1392 | D:2      | Gained mutation: You sometimes lose your temper in combat.
                  | [potion of mutation]
  1552 | D:2      | Identified the +0 robe of Zimepeuf {Rampage rPois Will++
                  | Dex-5}
  1642 | D:2      | Learned a level 3 spell: Stone Arrow
  1644 | D:2      | Found a faded altar of an unknown god.
  1713 | D:2      | Noticed Jessica
  1726 | D:2      | Killed Jessica
  1727 | D:2      | Reached skill level 5 in Earth Magic
  1928 | D:3      | Reached XP level 5. HP: 28/28 MP: 7/9
  1952 | D:3      | Identified the +8 whip "Gedew" {protect, rCorr}
  2009 | D:3      | Reached skill level 1 in Conjurations
  2189 | D:3      | Found a shimmering blue altar of Sif Muna.
  2195 | D:3      | Became a worshipper of Sif Muna the Loreminder
  2902 | D:4      | Reached XP level 6. HP: 32/32 MP: 3/10
  3110 | D:4      | Noticed Blork the orc
  3115 | D:4      | Killed Blork the orc
  3358 | D:4      | Reached skill level 6 in Earth Magic
  3371 | D:4      | Lost mutation: You sometimes lose your temper in combat.
                  | [potion of mutation]
  3371 | D:4      | Gained mutation: You are frail. (-10% HP) [potion of
                  | mutation]
  3371 | D:4      | Gained mutation: You occasionally lose the ability to read
                  | scrolls when taking damage. [potion of mutation]
  3371 | D:4      | Gained mutation: You expend magic power (3 MP) to
                  | strengthen your wands. [potion of mutation]
  3371 | D:4      | Gained mutation: Your muscles are strong. (Str +4, Int/Dex
                  | -1) [potion of mutation]
  3607 | D:4      | Found Dealaon's Weapon Emporium.
  3692 | D:5      | Entered Level 5 of the Dungeon
  4167 | D:5      | Reached XP level 7. HP: 26/32 MP: 5/11
  4238 | D:5      | Found a hazy altar of Hepliaklqana.
  4293 | D:5      | Reached skill level 7 in Earth Magic
  4546 | D:5      | Reached * piety under Sif Muna
  4589 | D:5      | Reached skill level 5 in Stealth
  4606 | D:5      | Reached skill level 5 in Conjurations
  4606 | D:5      | Reached skill level 1 in Invocations
  4606 | D:5      | Reached XP level 8. HP: 36/36 MP: 8/13
  5024 | D:6      | Slain by a wight

Illustrated notes

Levels and vault maps discovered:
D:1:      lightli_arrival_lavapool, layout_loops_ring, grunt_decor_resistance
D:2:      layout_loops_ring, shapermc_ecumenical_altar_mp_ritualfount,
          uniq_robin, uniq_jessica
D:3:      layout_basic, kennysheep_orc_sif_temple, serial_park_tiny_1,
          minmay_misc_feat_diagonals
D:4:      layout_basic, serial_shops, nicolae_shop_bloodbath_and_beyond,
          minmay_fountain_box, kennysheep_small_square, uniq_blork_the_orc
D:5:      nicolae_cairo_tiling_large_dashed, layout_basic,
          nicolae_hepliaklqana_hazy_memory, minmay_increasing_density
D:6:      layout_loops_ring, amcnicky_altar_gilded, serial_bayou,
          serial_bayou_pond_a, serial_bayou_lagoon_b, serial_bayou_shore_b,
          serial_bayou_shore_a

Skill      XL: |  1  2  3  4  5  6  7  8 |
---------------+-------------------------+-----
Earth Magic    | 4 5 6 7 |  7.0
Stealth        | 3 4 5 |  5.0
Spellcasting   | 3 4 |  4.0
Conjurations   | 2 3 5 |  5.0
Invocations    | 1 |  1.5
Fighting       | |  0.7
Dodging        | |  1.5
Transmutations | |  0.7

Action                     |  1- 3 |  4- 6 |  7- 9 || total
---------------------------+-------+-------+-------++-------
  Melee: Unarmed           |    10 |       |       ||    10
         Short sword       |    11 |     4 |       ||    15
         Dagger            |       |    41 |    11 ||    52
         Punch             |       |       |     1 ||     1
         Mace              |       |       |     5 ||     5
   Fire: Sling             |    31 |    58 |    17 ||   106
   Cast: Sandblast         |    23 |    54 |    39 ||   116
         Stone Arrow       |       |     1 |     1 ||     2
    Use: Potion            |       |     5 |       ||     5
         Scroll            |       |    13 |     2 ||    15
   Stab: Sleeping          |       |     2 |       ||     2
 Armour: Robe              |    21 |    27 |    17 ||    65
  Dodge: Dodged            |    27 |    41 |    35 ||   103
